 Dungeon Crawl Stone Soup version 0.29-a0-284-gf9362112df (webtiles) character file.

Game seed: 9551458270579533830

214 siradein the Shooter (level 5, -2/46 HPs)
             Began as a Minotaur Hunter on Mar 16, 2022.
             Slain by a gnoll
             ... wielding a +0 club
              (4 damage)
             ... on level 4 of the Dungeon.
             The game lasted 00:07:58 (3606 turns).

siradein the Shooter (Minotaur Hunter)              Turns: 3606, Time: 00:07:58

Health: -2/46      AC:  2    Str: 19    XL:     5   Next: 60%
Magic:  4/4        EV: 14    Int: 12    God:
Gold:   172        SH:  0    Dex: 18    Spells: 4/4 levels left

rFire   . . .      SeeInvis .   a - +1 shortbow
rCold   . . .      Faith    .   (shield currently unavailable)
rNeg    . . .      Spirit   .   r - +4 robe of Augmentation {Str+4 Int+4 Dex+4}
rPois   .          Reflect  .   (helmet restricted)
rElec   .          Harm     .   (no cloak)
rCorr   .          Rampage  .   (no gloves)
Will    +....                   (no boots)
Stlth   ++........              (no amulet)
HPRegen 0.15/turn               e - ring of willpower
MPRegen 0.09/turn               (no ring)

@: corroded
A: horns 2, retaliatory headbutt
a: no special abilities


You were on level 4 of the Dungeon.
You visited 1 branch of the dungeon, and saw 4 of its levels.

You collected 172 gold pieces.

Inventory:

Hand Weapons
 a - a +1 shortbow (weapon)
Armour
 r - the +4 robe of Augmentation (worn) {Str+4 Int+4 Dex+4}
   (You found it on level 4 of the Dungeon)

   Str:       It affects your strength (+4).
   Int:       It affects your intelligence (+4).
   Dex:       It affects your dexterity (+4).
Jewellery
 e - a ring of willpower (left hand)
 h - a ring of protection from fire
Wands
 p - a wand of acid (3)
Scrolls
 c - a scroll of immolation
 d - a scroll of noise {unknown}
 g - 2 scrolls of magic mapping {unknown}
 i - 2 scrolls of identify {unknown}
 k - a scroll of amnesia {unknown}
 q - a scroll of fear {unknown}
Potions
 f - a potion of brilliance {unknown}
 j - 2 potions of degeneration {unknown}
 l - a potion of heal wounds
 m - a potion of ambrosia {unknown}
 n - 2 potions of curing {unknown}
 o - a potion of magic {unknown}


   Skills:
 + Level 4.1 Fighting
 + Level 5.3 Bows
 + Level 3.0 Armour
 + Level 3.7 Dodging
 - Level 0.7 Stealth


You had 4 spell levels left.
You didn't know any spells.
Your spell library contained the following spells:

 Spells                   Type           Power      Damage    Failure   Level
 Call Canine Familiar     Summ           0%         N/A       69%         3
 Portal Projectile        Hex/Tloc       0%         N/A       69%         3
 Leda's Liquefaction      Hex/Erth       0%         N/A       97%         4


Dungeon Overview and Level Annotations

Branches:
Dungeon (4/15)
 Temple: D:4-7

Altars:

Shops:
D:2 (

Annotations:
D:3 2 runed translucent doors, drugrobin's ghost, weakling DgFi


Innate Abilities, Weirdness & Mutations

You have a pair of horns on your head.
You reflexively headbutt those who attack you in melee.


Message History

The gnoll is heavily wounded.
You shoot an arrow. The arrow closely misses the gnoll.
You shoot an arrow. The arrow hits the gnoll.
The gnoll is almost dead.
You hear a shout!
A gnoll comes into view. It is wielding a +0 spear.
The gnoll zaps a wand.
The bolt of acid hits you!!
Ouch! That really hurt!
The acid corrodes you! The gnoll hits you with a +0 club.
You are too injured to fight recklessly!
You are too injured to fight recklessly!
You are too injured to fight recklessly!
You are too injured to fight recklessly!
Shoot: a) +1 shortbow
Press: ? - help, Q - select action, (/) - cycle Shift-Dir - straight line, f/p - gnoll
Aim: a gnoll, wielding a +0 club and carrying a wand of acid (9) (almost dead, 69% to hit)
You shoot an arrow. The arrow hits the gnoll.
You kill the gnoll!
Your Armour skill increases to level 3!
Shoot: a) +1 shortbow
Press: ? - help, Q - select action, (/) - cycle Shift-Dir - straight line, f - gnoll
Aim: a gnoll, wielding a +0 club (69% to hit)
You shoot an arrow. The arrow hits the gnoll.
The gnoll is heavily wounded.
The gnoll hits you with a +0 club.
The gnoll hits you from afar with a +0 spear!
* * * LOW HITPOINT WARNING * * *
Shoot: a) +1 shortbow
Press: ? - help, Q - select action, (/) - cycle Shift-Dir - straight line, f/p - gnoll
Aim: a gnoll, wielding a +0 club (heavily wounded, 69% to hit)
You shoot an arrow. The arrow hits the gnoll.
The gnoll is almost dead.
The gnoll hits you with a +0 club.
* * * LOW HITPOINT WARNING * * *
The gnoll closely misses you. The gnoll attacks as you move away!
The gnoll barely misses you. The gnoll attacks as you move away!
The gnoll hits you with a +0 club.
* * * LOW HITPOINT WARNING * * *
The gnoll attacks as you move away! The gnoll hits you with a +0 club.
You die...

...#
#.#.......#.#
..<#
#.#.......#.#
####
#.#.......#.#
#.#....)###.#
#.##....†...#
#.#.......###
#####.#########
#......gg.#
##.###.###@#
#...)..# #.#
#.###### #)# ..
#.#


gg# #.# ## #.# #.# #.# You could see 2 gnolls.

Vanquished Creatures
  A hound (D:4)
  An orc priest (D:3)
  An adder (D:2)
  5 gnolls
  An ufetubus (D:4)
  2 worms
  A dart slug (D:2)
  7 orcs
  7 ball pythons
  5 endoplasms
  A giant cockroach (D:1)
  8 hobgoblins
  7 jackals
  4 quokkas (D:2)
  2 bats (D:3)
  2 frilled lizards (D:2)
  9 goblins
  7 kobolds
  7 rats
78 creatures vanquished.

Notes
Turn   | Place    | Note
-------+----------+-------------------------------------------
     0 | D:1      | siradein the Minotaur Hunter began the quest for the Orb.
     0 | D:1      | Reached XP level 1. HP: 18/18 MP: 0/0
   190 | D:1      | Reached XP level 2. HP: 25/25 MP: 1/1
   271 | D:1      | Reached skill level 1 in Armour
   854 | D:1      | Found a faded altar of an unknown god.
  1015 | D:2      | Found Buleag's Antique Weapon Shop.
  1036 | D:2      | Reached XP level 3. HP: 30/31 MP: 2/2
  1991 | D:2      | Reached XP level 4. HP: 14/38 MP: 3/3
  2200 | D:2      | Reached skill level 5 in Bows
  2751 | D:3      | Reached XP level 5. HP: 34/46 MP: 4/4
  3019 | D:3      | Found a runed translucent door.
  3025 | D:3      | Noticed drugrobin's ghost (weakling DgFi)
  3242 | D:3      | Found a runed translucent door.
  3328 | D:4      | Found the +4 robe of Augmentation {Str+4 Int+4 Dex+4}
  3605 | D:4      | HP: 1/46 [gnoll/+0 club (2)]
  3606 | D:4      | Slain by a gnoll

Illustrated notes

Levels and vault maps discovered:
D:1:      onia_arrival_handbag, layout_loops_corners,
          shapermc_ecumenical_altar_mp_vishouse, minmay_pentomino_t2
D:2:      layout_loops_corners, serial_shops, nicolae_diamond_shop,
          nrook_mini_vaults
D:3:      layout_rooms, ebering_ghost_sewer_f
D:4:      minmay_evil_eye, layout_basic, nicolae_overflow_crystal_walls

Skill      XL: |  1  2  3  4  5 |
---------------+----------------+-----
Armour         | 1 2 3 |  3.0
Fighting       | 3 4 |  4.1
Dodging        | 3 |  3.7
Bows           | 5 |  5.3
Stealth        | |  0.7

Action                   |  1- 3 |  4- 6 || total
-------------------------+-------+-------++-------
 Fire: Shortbow          |   120 |   111 ||   231
Armor: Leather armour    |    18 |     8 ||    26
       Robe              |       |     2 ||     2
Dodge: Dodged            |    45 |    37 ||    82

Table legend: (Time is in decaauts)
 A = Elapsed time spent in this place.
 B = Non-inter-level travel time spent in this place.
 C = Inter-level travel time spent in this place.
 D = Time resting spent in this place.
 E = Time spent auto-exploring this place.
 F = Levels seen in this place.
 G = Mean time per level.
                   A        B        C        D        E       F      G
               +--------+--------+--------+--------+--------+-----+--------+
         Total |   3675 |   3529 |    146 |    604 |   2408 |   4 |  918.8 |
       Dungeon |   3675 |   3529 |    146 |    604 |   2408 |   4 |  918.8 |
               +--------+--------+--------+--------+--------+-----+--------+

Top non-repeatable levels by time:
     D:2: 1630 daAuts
     D:1: 1021 daAuts
     D:3: 683 daAuts
     D:4: 338 daAuts
